 Dungeon Crawl Stone Soup version 0.19-a0-1899-g2d93087 (webtiles) character file.

98 JeffiDaFish the Slasher (level 4, -1/38 HPs)
             Began as a Hill Orc Skald on Oct 19, 2016.
             Slain by a gnoll
             ... wielding a +0 whip
              (3 damage)
             ... on level 3 of the Dungeon.
             The game lasted 00:07:25 (2386 turns).

JeffiDaFish the Slasher (Hill Orc Skald)            Turns: 2386, Time: 00:07:26

Health: -1/38      AC:  8    Str: 15    XL:     4   Next: 69%
Magic:  1/6        EV:  9    Int: 12    God:
Gold:   132        SH:  0    Dex: 10    Spells: 3 memorised, 0 levels left

rFire  + + .     SeeInvis .     a - +0 falchion
rCold  . . .     Gourm    .     i - +1 scale mail {rF+}
rNeg   . . .     Faith    .     (no shield)
rPois  .         Spirit   .     h - +0 helmet
rElec  .         Reflect  .     (no cloak)
rCorr  .         Harm     .     (no gloves)
MR     .....                    (no boots)
Stlth  ..........               (no amulet)
                                (no ring)
                                m - ring of protection from fire

@: no status effects
A: no striking features
a: no special abilities


You were on level 3 of the Dungeon.
You were not hungry.

You visited 1 branch of the dungeon, and saw 3 of its levels.

You collected 132 gold pieces.

Inventory:

Hand Weapons
 a - a +0 falchion (weapon)
Missiles
 b - 11 arrows
Armour
 h - a +0 helmet (worn)
 i - a +1 scale mail of fire resistance (worn)
Jewellery
 m - a ring of protection from fire (left hand)
Scrolls
 e - 4 scrolls of fog
 j - a scroll of remove curse
 n - 2 scrolls of identify
 o - a scroll of recharging
Potions
 k - 2 potions of curing
Books
 c - a book of Battle

   Spells                             Type                      Level
   a - Infusion                       Charms                       1
   b - Shroud of Golubria             Charms/Translocation         2
   c - Song of Slaying                Charms                       2
   d - Spectral Weapon                Hexes/Charms                 3
   e - Regeneration                   Charms/Necromancy            3
 l - a book of Changes

   Spells                             Type                      Level
   a - Beastly Appendage              Transmutation                1
   b - Sticks to Snakes               Transmutation                2
   c - Spider Form                    Transmutation/Poison         3
   d - Ice Form                       Ice/Transmutation            4
   e - Blade Hands                    Transmutation                5
Comestibles
 d - 3 bread rations
 f - 4 chunks of flesh
 g - a meat ration


   Skills:
 + Level 3.1 Fighting
 + Level 3.5 Long Blades
 + Level 1.8 Armour
 + Level 1.2 Dodging
 + Level 0.1 Stealth
 + Level 1.8 Spellcasting
 + Level 3.1 Charms


You couldn't memorise any spells.
You knew the following spells:

 Your Spells              Type           Power        Failure   Level  Hunger
a - Infusion              Chrm           #...         30%         1    ##.....
b - Spectral Weapon       Hex/Chrm       #.......     98%         3    ####...
c - Sticks to Snakes      Tmut           #.......     99%         2    ###....


Dungeon Overview and Level Annotations

Branches:
Dungeon (3/15)

Altars:


Message History

The gnoll hits you with a whip.
You hit the gnoll.
The gnoll is almost dead.
The gnoll hits you but does no damage.
The gnoll hits you from afar with a halberd.
* * * LOW HITPOINT WARNING * * *
You hit the gnoll but do no damage.
The gnoll is almost dead.
The gnoll closely misses you.
You riposte.
You closely miss the gnoll.
The gnoll is almost dead.
The gnoll hits you but does no damage.
You barely miss the gnoll.
The gnoll is almost dead.
The gnoll hits you but does no damage.
The gnoll hits you from afar with a halberd!
* * * LOW HITPOINT WARNING * * *
You barely miss the gnoll.
The gnoll is almost dead.
The gnoll hits you with a whip.
You die...

### ..# .# #.# #.# #
.# #.# #.# .## .# #.#
#.###g..#.# .# #.#
#..@gg..... .# #.#
#)###...#.#
.####.########.# .##
...............# #
...)................#
#########...#########
# ##### # #


You could see 3 gnolls.

Vanquished Creatures
  An orc wizard (D:3)
  2 adders (D:2)
  3 worms (D:2)
  3 leopard geckos
  3 orcs (D:3)
  6 goblins
  4 hobgoblins
  3 jackals (D:2)
  A quokka (D:2)
  A ball python (D:1)
  5 bats (D:1)
  2 frilled lizards
  5 kobolds
  4 rats
43 creatures vanquished.

Notes
Turn   | Place    | Note
-------+----------+-------------------------------------------
     0 | D:1      | JeffiDaFish the Hill Orc Skald began the quest for the Orb.
     0 | D:1      | Reached XP level 1. HP: 18/18 MP: 3/3
   260 | D:1      | Reached XP level 2. HP: 23/25 MP: 4/4
   971 | D:2      | Reached skill level 1 in Dodging
   971 | D:2      | Reached XP level 3. HP: 16/30 MP: 5/5
  1136 | D:2      | Learned a level 3 spell: Spectral Weapon
  1489 | D:2      | Found a faded altar of an unknown god.
  1856 | D:2      | Reached XP level 4. HP: 24/38 MP: 6/6
  2316 | D:3      | Learned a level 2 spell: Sticks to Snakes
  2386 | D:3      | Slain by a gnoll

Vault maps used:
D:1:      dpeg_arrival_simpleton_b
D:2:      ecumenical_altar_1, nrook_mini_vaults
D:3:      st_stairs_14, uniq_grinder, uniq_crazy_yiuf_cottage

Skill      XL: |  1  2  3 |
---------------+----------+-----
Charms         | 3 |  3.1
Dodging        | 1 |  1.2
Long Blades    | 3 |  3.5
Fighting       | 3 |  3.1
Armour         | |  1.8
Stealth        | |  0.1
Spellcasting   | |  1.8

Action                   |  1- 3 |  4- 6 || total
-------------------------+-------+-------++-------
Melee: Falchion          |   148 |    31 ||   179
 Cast: Infusion          |     3 |     4 ||     7
  Use: Scroll            |     7 |       ||     7
       Potion            |     5 |       ||     5
  Eat: Chunk             |     3 |     2 ||     5
Armor: Leather armour    |    22 |       ||    22
       Scale mail        |    59 |    14 ||    73
Dodge: Dodged            |   101 |     6 ||   107
       Rpst.: Falchion   |    35 |     5 ||    40
